Map: Prion Terraces

Players

Culdesac

  • Race: Zerg Zerg
  • League: Silver

LindyHop - Winner!

  • Race: Zerg Zerg
  • League: Gold

VOD

Have the link to the VOD?

Description

Time

  • Played on: Dec. 5, 2015, 7:35 p.m.
  • Length: 4:10
Show
View Real Time Build Order
Export as new Build Order

Culdesac Zerg 

Build Orders: Pool First 

Get SALT Encoding   

  12  0:01  Drone  
  13  0:09  Drone  
  14  0:18  Drone, Extractor  
  15  0:34  Spawning Pool  
  14  0:41  Drone, Extractor x2  
  13  0:43  Drone  
  16  0:50  Overlord  
  16  1:12  Hatchery  
  15  1:18  Overlord  
  15  1:27  Queen  
  15  1:32  Drone  
  18  1:35  Drone  
  18  1:38  Drone  
  20  1:43  Drone  
  21  1:52  Extractor x2  
  19  2:00  Drone  
  20  2:03  Queen  
  22  2:09  Overlord  
  22  2:20  Drone  
  23  2:24  Queen  
  23  2:28  Drone  
  23  2:29  Drone  
  27  2:38  Metabolic Boost  
  28  2:51  Zergling x4  
  28  2:52  Zergling x4  
  28  2:57  Zergling x2  
  32  3:06  Zergling x4  
  34  3:13  Evolution Chamber  
  34  3:19  Drone  
  34  3:20  Drone  
  34  3:22  Drone  
  36  3:29  Baneling Nest  
  35  3:36  Drone  
  35  3:39  Drone  
  30  3:52  Zergling x4  
Show
View Real Time Build Order
Export as new Build Order

LindyHop Zerg - Winner!

Build Orders: Pool First 

Get SALT Encoding   

  12  0:01  Drone  
  13  0:10  Drone  
  14  0:30  Spawning Pool  
  14  0:31  Drone  
  14  0:34  Extractor  
  14  0:35  Drone  
  14  1:06  Hatchery  
  14  1:09  Drone  
  14  1:16  Overlord  
  14  1:35  Metabolic Boost  
  14  1:41  Queen  
  17  1:47  Zergling x2  
  17  1:51  Zergling x2  
  18  1:58  Drone  
  18  2:00  Drone  
  20  2:11  Drone  
  21  2:27  Baneling Nest  
  20  2:43  Zergling x2  
  22  2:44  Zergling x10  
  26  2:58  Zergling x4  
  27  3:00  Overlord  
  28  3:20  Baneling x4  
  28  3:21  Baneling  
  28  3:25  Zergling x8  
  32  3:29  Zergling x2  
  32  3:31  Zergling x2  
  34  3:38  Zergling x2  
Tags
 
Add a new tag
Caveats
  • Supply blocks, unpowered buildings, or Contaminate may cause inaccurate times.
  • Supply counts are checked every 10 seconds.